 Dungeon Crawl Stone Soup version 0.23-a0-359-g9beedce (webtiles) character file.

2 Garbasso the Slasher (level 1, 0/11 HPs)
             Began as a Vine Stalker Berserker on Oct 23, 2018.
             Was a Follower of Trog.
             Slain by a kobold
             ... wielding a +0 short sword
              (4 damage)
             ... on level 1 of the Dungeon.
             The game lasted 00:00:19 (36 turns).

Garbasso the Slasher (Vine Stalker Berserker)         Turns: 36, Time: 00:00:19

Health: 0/11       AC:  2    Str: 19    XL:     1   Next: 30%
Magic:  0/2        EV: 12    Int:  7    God:    Trog [*.....]
Gold:   5          SH:  0    Dex: 13    Spells: 0/0 levels left

rFire    . . .     SeeInvis .   a - +0 falchion
rCold    . . .     Gourm    .   (no shield)
rNeg     . . .     Faith    .   b - +0 animal skin
rPois    .         Spirit   +   (no helmet)
rElec    .         Reflect  .   (no cloak)
rCorr    .         Harm     .   (no gloves)
MR       .....                  (no boots)
Stlth    +.........             (no amulet)
HPRegen  0.03/turn              (no ring)
MPRegen  0.08/turn              (no ring)

@: no status effects
A: fangs 2, magic shield, antimagic bite, no potion heal 3, rot immunity
a: Berserk, Renounce Religion


You were on level 1 of the Dungeon.
You worshipped Trog.
Trog was aware of your devotion.
You were not hungry.

You visited 1 branch of the dungeon, and saw 1 of its levels.

You collected 5 gold pieces.

Inventory:

Hand Weapons
 a - a +0 falchion (weapon)
Armour
 b - a +0 animal skin (worn)
Scrolls
 d - a scroll of identify {unknown}
Comestibles
 c - a ration


   Skills:
 + Level 2.7 Fighting
 * Level 2.7 Long Blades
 - Level 1.5 Armour
 + Level 1.6 Dodging


You couldn't memorise any spells.
You didn't know any spells.
Your spell library was empty.

Dungeon Overview and Level Annotations

Branches:
Dungeon (1/15)

Altars:


Innate Abilities, Weirdness & Mutations

You have extremely sharp teeth.
When hurt, damage is shared between your health and your magic reserves.
Your bite disrupts and absorbs the magic of your enemies.
Potions cannot restore your health.
You are immune to rotting.


Message History

The kobold throws a stone.
The stone barely misses you.
The kobold hits you with a +0 short sword.
The kobold hits you.
You hit the kobold but do no damage. The kobold barely misses you.
The kobold closely misses you.
You closely miss the kobold. Your bite misses the kobold.
The kobold hits you but does no damage. The kobold misses you.
You hit the kobold but do no damage.
The kobold hits you with a +0 short sword.
The kobold closely misses you.
You are too injured to fight recklessly!
You closely miss the kobold. The kobold barely misses you. The kobold hits you.
The kobold misses you.
You riposte.
You hit the kobold.
The kobold is heavily wounded.
You closely miss the kobold. Your bite misses the kobold.
The kobold is heavily wounded.
The kobold misses you.
You riposte.
You barely miss the kobold. You bite the kobold, but do no damage.
The kobold hits you with a +0 short sword.
You die...

####...........
.......#........
.(....%#.......
.......#.....#+#
...8...........#
.......?........
#.......K......
#......@K......
##.....#.##....
#+....#....... #####
#.()...#...
#...#####...........
+#+##.#.#...#.......#...
...##.#.#.#.#...........
.<.'..#.#.#.'...........
...##.#.#.###..........


You could see 2 kobolds.

Vanquished Creatures
  A goblin (D:1)
  A frilled lizard (D:1)
2 creatures vanquished.

Notes
Turn   | Place    | Note
-------+----------+-------------------------------------------
     0 | D:1      | Garbasso the Vine Stalker Berserker began the quest for the
                  | Orb.
     0 | D:1      | Reached XP level 1. HP: 11/11 MP: 2/2
    36 | D:1      | Slain by a kobold

Vault maps used:
D:1:      nicolae_arrival_somewhat_less_tricky_arrival, minmay_misc_feat_roman,
          grunt_decor_arrowhead, minivault_19

Action                   || total
-------------------------++-------
Melee: Falchion          ||     8
       Bite              ||     1
Armor: Animal skin       ||     1
Dodge: Dodged            ||    10
       Rpst.: Falchion   ||     4

Table legend:
 A = Non-vault XP
 B = Vault XP
 C = Vault XP percentage of total XP
 D = Non-vault monster count
 E = Vault monster count
 F = Vault count percentage of total count
                 A         B        C        D         E       F
            +---------+---------+-------+---------+---------+-------
      Total |       3 |       0 |   0.0 |       2 |       0 |   0.0
            +---------+---------+-------+---------+---------+-------
        D:1 |       3 |       0 |   0.0 |       2 |       0 |   0.0
            +---------+---------+-------+---------+---------+-------
